 Dungeon Crawl Stone Soup version 0.23.2-33-g5129a83184 (webtiles) character file.

Game seed: 6649245919098028057

168 Descartes the Sneak (level 5, 0/22 HPs)
             Began as a Felid Wanderer on Aug 11, 2019.
             Killed by nerve-wracking pain
             ... invoked by a shadow imp
             ... summoned by Natasha
              (2 damage)
             ... on level 3 of the Dungeon.
             The game lasted 00:11:33 (4913 turns).

Descartes the Sneak (Felid Wanderer)                Turns: 4913, Time: 00:11:33

Health: 0/22       AC:  1    Str:  9    XL:     5   Next: 24%
Magic:  0/12       EV: 18    Int: 14    God:
Gold:   149        SH:  0    Dex: 15    Spells: 8/12 levels left
                                        Lives:  0   Deaths: 1

rFire    . . .     SeeInvis +     - Unarmed
rCold    . . .     Gourm    .   (shield unavailable)
rNeg     . . .     Faith    .   (armour unavailable)
rPois    .         Spirit   +   (helmet unavailable)
rElec    .         Reflect  .   (cloak unavailable)
rCorr    .         Harm     .   (gloves unavailable)
MR       +....                  (boots unavailable)
Stlth    ++++......             h - amulet of guardian spirit
HPRegen  0.07/turn              l - ring of protection from magic
MPRegen  0.13/turn              m - ring of wizardry

@: quick
A: very small, no armour, no weapons or thrown items, stealth, claws 1, fangs 3,
see invisible, carnivore, speed 1, shaggy fur 1, slow metabolism 1, sharp paws
a: no special abilities


You were on level 3 of the Dungeon.
You were completely stuffed.

You visited 1 branch of the dungeon, and saw 3 of its levels.

You collected 149 gold pieces.

Inventory:

Missiles
 b - 98 arrows
 i - 28 stones
Jewellery
 h - an amulet of guardian spirit (around neck)
 l - a ring of protection from magic (left paw)
 m - a ring of wizardry (right paw)
Scrolls
 a - a scroll of teleportation
 d - 3 scrolls of remove curse {unknown}
 e - 3 scrolls of identify {unknown}
 f - a scroll of enchant armour {unknown}
 k - a scroll of fear {unknown}
 n - 2 scrolls of amnesia {unknown}
Potions
 g - a potion of lignification {unknown}
 j - a potion of degeneration {unknown}
 o - a potion of heal wounds {unknown}
Comestibles
 c - 6 rations


   Skills:
 + Level 2.1 Fighting
 + Level 2.7 Dodging
 * Level 5.7 Stealth
 * Level 2.5 Unarmed Combat
 + Level 4.3 Spellcasting
   Level 1.5 Hexes
 + Level 1.9 Charms
 + Level 1.4 Necromancy


You had 8 spell levels left.
You knew the following spells:

 Your Spells              Type           Power        Failure   Level  Hunger
a - Infusion              Chrm           #...         3%          1    None
b - Regeneration          Chrm/Necr      #.........   12%         3    ###....

Your spell library contained the following spells:

 Spells                   Type           Power        Failure   Level  Hunger


Dungeon Overview and Level Annotations

Branches:
Dungeon (3/15)

Altars:
Cheibriados
Okawaru
Xom
Zin

Annotations:
D:3 Natasha


Innate Abilities, Weirdness & Mutations

You cannot wear armour.
You are incapable of wielding weapons or throwing items.
Your paws allow you to move quietly. (Stealth)
You have sharp claws.
You have razor-sharp teeth.
You have supernaturally acute eyesight. (SInv)
You are carnivorous and can eat meat at any time.
You cover ground quickly.
You are covered in fur. (AC +1)
You have a slow metabolism.
Your sharp claws are effective at attacking unaware monsters.


Message History

The shadow imp completely misses you. Natasha misses you.
You scratch Natasha.
Natasha is heavily wounded.
The shadow imp closely misses you. Natasha claws you!
* * * LOW HITPOINT WARNING * * *
You closely miss Natasha.
Natasha is heavily wounded.
Your skin stops crawling.
The shadow imp barely misses you. Natasha closely misses you.
You scratch Natasha.
Natasha is heavily wounded.
The shadow imp hits you but does no damage.
Natasha casts a spell at you. The magic dart hits you.
* * * LOW HITPOINT WARNING * * *
You closely miss Natasha. Your bite misses Natasha.
Natasha is heavily wounded.
The shadow imp gestures at you. Pain shoots through your body!
You die...

####...#.#...#..#.. #..# #
#......#..###....###..# #
#.######..............# # #.#
##...#.#.##### # #.##### #.#.#
#.# # #..(..#
#.#.###.############
#.....#####.#...............##
####.................##.#.####.##
............##.#@######.#.###...#
.###.....##.....5h......#.##....÷
.# #.#.#######...................
.###)#.# ###.#########.#.....
.#...#.#### #.# #.##..>#
.#.###....# #.# #.###)## .#.#
#..#.# #.# ###.# #.## .#.# ##...#
###.# #...# #.## .).# ##.## #...#
#÷### #.##


You could see Natasha and a shadow imp.

Vanquished Creatures
  An orc priest (D:3)
  Natasha (twice) (D:3)
  A worker ant (D:3)
  3 gnolls (D:3)
  3 adders (D:2)
  An ooze (D:1)
  A worm (D:3)
  4 dart slugs
  3 leopard geckos
  An orc (D:3)
  A ball python (D:1)
  8 bats
  5 giant cockroaches
  9 goblins
  9 hobgoblins
  11 jackals
  3 quokkas (D:3)
  5 frilled lizards
  5 kobolds
  4 rats
80 creatures vanquished.

Notes
Turn   | Place    | Note
-------+----------+-------------------------------------------
     0 | D:1      | Descartes the Felid Wanderer began the quest for the Orb.
     0 | D:1      | Descartes set off with the following items: a scroll of
                  | teleportation, a ration; and the following spell memorised:
                  | Infusion; and the following spells available to memorise:
                  | Regeneration
     0 | D:1      | Reached XP level 1. HP: 9/9 MP: 6/6
   238 | D:1      | Reached XP level 2. HP: 12/12 MP: 8/8
   949 | D:1      | Reached skill level 1 in Unarmed Combat
  1284 | D:1      | Reached XP level 3. HP: 15/15 MP: 9/9
  1292 | D:1      | Learned a level 3 spell: Regeneration
  1958 | D:2      | Reached skill level 1 in Charms
  2098 | D:2      | Found a shimmering altar of Xom.
  2107 | D:2      | Noticed an angel
  2109 | D:2      | Found a glowing silver altar of Zin.
  2317 | D:2      | Reached XP level 4. HP: 19/19 MP: 11/11
  2632 | D:2      | Found an iron altar of Okawaru.
  3408 | D:3      | Reached skill level 5 in Stealth
  3674 | D:3      | Noticed Natasha
  3690 | D:3      | Killed Natasha
  3690 | D:3      | Reached skill level 1 in Necromancy
  3702 | D:3      | Reached XP level 5. HP: 4/22 MP: 0/12
  3722 | D:3      | Noticed Natasha
  3736 | D:3      | Killed Natasha
  4268 | D:3      | Killed from afar by an orc priest
  4269 | D:3      | Reached XP level 4. HP: -2/19 MP: 0/11
  4485 | D:3      | Found a snail-covered altar of Cheibriados.
  4506 | D:3      | Reached XP level 5. HP: 22/22 MP: 7/12
  4688 | D:3      | Noticed Natasha
  4913 | D:3      | Killed from afar by a shadow imp

Skill      XL: |  1  2  3  4  5 |
---------------+----------------+-----
Unarmed Combat | 1 2 |  2.5
Charms         | 1 |  1.9
Dodging        | 2 |  2.7
Stealth        | 5 |  5.7
Necromancy     | 1 |  1.4
Fighting       | 2 |  2.1
Spellcasting   | |  4.3
Hexes          | |  1.5

Action                   |  1- 3 |  4- 6 || total
-------------------------+-------+-------++-------
Melee: Unarmed           |   113 |   165 ||   278
       Bite              |    11 |    15 ||    26
       Punch             |       |     2 ||     2
 Cast: Infusion          |     4 |     5 ||     9
       Regeneration      |       |     6 ||     6
  Use: Potion            |     1 |     3 ||     4
 Stab: Sleeping          |    13 |     6 ||    19
       Distracted        |     1 |       ||     1
  Eat: Chunk             |    10 |    11 ||    21
Armor: Skin              |    13 |     8 ||    21
Dodge: Dodged            |    79 |   123 ||   202
